 Dungeon Crawl Stone Soup version 0.26-a0-812-g31a745ddcd (webtiles) character file.

Game seed: 10373037518827943856

53 Lanoc the Purveyor of Pain (level 3, -3/26 HPs)
             Began as a Hill Orc Necromancer on Nov 23, 2020.
             Was an Initiate of Kikubaaqudgha.
             Slain by an orc wizard
             ... wielding a +0 dagger
              (5 damage)
             ... on level 2 of the Dungeon.
             The game lasted 00:03:25 (2094 turns).

Lanoc the Purveyor of Pain (Hill Orc Necromancer)   Turns: 2094, Time: 00:03:26

Health: -3/26      AC:  2    Str:  9 (10) XL:     3   Next: 89%
Magic:  2/5        EV: 12    Int: 13 (16) God:    Kikubaaqudgha [......]
Gold:   113        SH:  0    Dex:  8 (11) Spells: 0/5 levels left

rFire    . . .     SeeInvis .   d - +0 short sword (flame)
rCold    . . .     Faith    .   (no shield)
rNeg     . . .     Spirit   .   a - +0 robe
rPois    .         Reflect  .   (no helmet)
rElec    .         Harm     .   (no cloak)
rCorr    .         Rampage  .   (no gloves)
MR       .....                  (no boots)
Stlth    +.........             (no amulet)
HPRegen  0.08/turn              (no ring)
MPRegen  0.09/turn              (no ring)

@: mighty, hasted, very quick
A: no striking features
a: Renounce Religion


You were on level 2 of the Dungeon.
You worshipped Kikubaaqudgha.
Kikubaaqudgha was noncommittal.
You visited 1 branch of the dungeon, and saw 2 of its levels.

You collected 113 gold pieces.

Inventory:

Hand Weapons
 d - a +0 short sword of flaming (weapon)
Armour
 a - a +0 robe (worn)
Scrolls
 b - a scroll of remove curse {unknown}
 e - a scroll of fog {unknown}
 f - 2 scrolls of teleportation {unknown}
Potions
 c - a potion of degeneration


   Skills:
 + Level 2.2 Dodging
 - Level 1.5 Stealth
 - Level 1.5 Spellcasting
 * Level 5.0 Necromancy


You couldn't memorise any spells.
You knew the following spells:

 Your Spells              Type           Power        Failure   Level
a - Pain                  Necr           ##..         3%          1
b - Animate Skeleton      Necr           ##....       3%          1
c - Vampiric Draining     Necr           ##........   11%         3

Your spell library contained the following spells:

 Spells                   Type           Power        Failure   Level
 Animate Dead             Necr           ##........   34%         4
 Agony                    Necr           ##......     67%         5


Dungeon Overview and Level Annotations

Branches:
Dungeon (2/15)

Altars:
Elyvilon
Hepliaklqana
Kikubaaqudgha
Sif Muna
Trog
Uskayaw
Wu Jian


Message History

The weapon returns to the orc!
You closely miss something. Something barely misses you.
The orc throws a boomerang.
The boomerang barely misses you.
The weapon returns to the orc!
You closely miss something. Something hits you.
The orc throws a boomerang.
The boomerang hits you!
The weapon returns to the orc!
You closely miss something. Something hits you.
* * * LOW HITPOINT WARNING * * *
The orc throws a boomerang.
The boomerang closely misses you.
The weapon returns to the orc!
You barely miss something. Something hits you.
* * * LOW HITPOINT WARNING * * *
You closely miss something.
The orc throws a boomerang.
The weapon returns to the orc!
You hit something. You burn something. Something hits you but does no damage.
The orc throws a boomerang.
The boomerang misses you.
The weapon returns to the orc!
You miss something. Something hits you.
You die...
Kikubaaqudgha rasps: "You have failed me!
Welcome... death!"

# #.........####
#........>#
#.........#
#.........#
#######.########
......÷..÷..#
####..#.....#
####÷.#.###.#########
#............÷o{@...#
#.##..#.###.#######.#
#.##........# #.#
..........#.# #.#
.....#..o...# #.#
###.###.##### ##.## #
#.# #.# ##...## # #.#
#)# #.###.# # # #'#
#.# #.#


You could see an orc.

Vanquished Creatures
  An adder (D:2)
  A white imp (D:2)
  2 dart slugs
  A leopard gecko (D:2)
  2 orcs (D:2)
  A goblin (D:1)
  2 hobgoblins (D:2)
  4 jackals
  4 kobolds
  A quokka (D:2)
  A ball python (D:2)
  6 bats
  2 frilled lizards
  2 rats (D:2)
30 creatures vanquished.

Notes
Turn   | Place    | Note
-------+----------+-------------------------------------------
     0 | D:1      | Lanoc the Hill Orc Necromancer began the quest for the Orb.
     0 | D:1      | Reached XP level 1. HP: 14/14 MP: 3/3
    53 | D:1      | Learned a level 1 spell: Animate Skeleton
   356 | D:1      | Reached XP level 2. HP: 16/20 MP: 0/4
   576 | D:1      | HP: 1/20 [kobold/+0 short sword of flaming (1)]
   964 | D:2      | Reached XP level 3. HP: 17/26 MP: 0/5
  1219 | D:2      | Found a shimmering blue altar of Sif Muna.
  1263 | D:2      | Found an ornate altar of the Wu Jian Council.
  1263 | D:2      | Found a hazy altar of Hepliaklqana.
  1263 | D:2      | Found an ancient bone altar of Kikubaaqudgha.
  1263 | D:2      | Found a white marble altar of Elyvilon.
  1264 | D:2      | Found a hide-covered altar of Uskayaw.
  1266 | D:2      | Found a bloodstained altar of Trog.
  1271 | D:2      | Became a worshipper of Kikubaaqudgha
  1443 | D:2      | Learned a level 3 spell: Vampiric Draining
  2078 | D:2      | Reached skill level 5 in Necromancy
  2094 | D:2      | Slain by an orc wizard

Illustrated notes

Levels and vault maps discovered:
D:1:      minmay_arrival_checkered_box, layout_basic
D:2:      layout_loops_corners, minitemple, nicolae_overflow_hidden_temple

Skill      XL: |  1  2  3 |
---------------+----------+-----
Dodging        | 2 |  2.2
Necromancy     | 5 |  5.0
Stealth        | |  1.5
Spellcasting   | |  1.5

Action                   || total
-------------------------++-------
Melee: Unarmed           ||     9
       Short sword       ||    28
 Cast: Pain              ||    50
  Use: Potion            ||     3
Armor: Robe              ||    10
Dodge: Dodged            ||    37

Table legend: (Time is in decaauts)
 A = Elapsed time spent in this place.
 B = Non-inter-level travel time spent in this place.
 C = Inter-level travel time spent in this place.
 D = Time resting spent in this place.
 E = Time spent auto-exploring this place.
 F = Levels seen in this place.
 G = Mean time per level.
                   A        B        C        D        E       F      G
               +--------+--------+--------+--------+--------+-----+--------+
         Total |   2095 |   2095 |      0 |    553 |   1269 |   2 | 1047.5 |
       Dungeon |   2095 |   2095 |      0 |    553 |   1269 |   2 | 1047.5 |
               +--------+--------+--------+--------+--------+-----+--------+

Top non-repeatable levels by time:
     D:2: 1198 daAuts
     D:1: 897 daAuts
